 Dungeon Crawl Stone Soup version 0.26-a0-712-ga5a9c9c9d0 (webtiles) character file.

Game seed: 5646236435985304591

181 Azzok the Chopper (level 5, 0/41 HPs)
             Began as a Demonspawn Berserker on Nov 5, 2020.
             Was a Priest of Trog.
             Slain by an orc priest
             ... wielding a +0 short sword
              (1 damage)
             ... on level 3 of the Dungeon.
             The game lasted 00:02:42 (1725 turns).

Azzok the Chopper (Demonspawn Berserker)            Turns: 1725, Time: 00:02:42

Health: 0/41       AC:  9    Str: 19    XL:     5   Next: 34%
Magic:  5/5        EV:  8    Int:  8    God:    Trog [***...]
Gold:   146        SH:  0    Dex: 12    Spells: 4/4 levels left

rFire    . . .     SeeInvis .   j - +1 spear (vamp)
rCold    . . .     Faith    .   (no shield)
rNeg     . . .     Spirit   .   d - +0 chain mail (curse)
rPois    .         Reflect  .   (helmet restricted)
rElec    .         Harm     .   (no cloak)
rCorr    .         Rampage  .   (no gloves)
MR       .....                  p - +0 pair of boots
Stlth    ..........             (no amulet)
HPRegen  0.13/turn              (no ring)
MPRegen  0.09/turn              (no ring)

@: berserk cooldown, slowed, very slow
A: horns 1, demonic guardian 1
a: Berserk, Trog's Hand, Renounce Religion


You were on level 3 of the Dungeon.
You worshipped Trog.
Trog was most pleased with you.
You visited 1 branch of the dungeon, and saw 3 of its levels.

You collected 146 gold pieces.

Inventory:

Hand Weapons
 a - a +0 hand axe
 j - a +1 vampiric spear (weapon)
Armour
 d - a cursed +0 chain mail (worn)
 p - a +0 pair of boots (worn)
Jewellery
 f - a +6 ring of dexterity {unknown}
Scrolls
 h - 6 scrolls of identify {unknown}
 i - 2 scrolls of fear {unknown}
 k - 3 scrolls of remove curse {unknown}
 m - a scroll of enchant weapon {unknown}
 o - a scroll of teleportation {unknown}
 q - a scroll of random uselessness {unknown}
 r - a scroll of magic mapping {unknown}
Potions
 b - 2 potions of might {unknown}
 c - 2 potions of flight {unknown}
 e - 2 potions of heal wounds {unknown}
 g - 2 potions of stabbing {unknown}
 l - 3 potions of curing {unknown}
 n - 2 potions of invisibility {unknown}


   Skills:
 - Level 3.0 Fighting
 + Level 5.5 Axes
 - Level 1.7 Armour
 - Level 1.7 Dodging


You had 4 spell levels left.
You didn't know any spells.
Your spell library was empty.

Dungeon Overview and Level Annotations

Branches:
Dungeon (3/15)

Altars:
Cheibriados
Hepliaklqana
Uskayaw
Wu Jian


Innate Abilities, Weirdness & Mutations

You have a pair of small horns on your head.
A weak demonic guardian rushes to your aid.


Message History

You closely miss the orc priest.
The orc priest mumbles some strange prayers to Beogh against you.
Pain shoots through your body!
The orc priest hits you but does no damage.
You hit the orc priest.
The orc priest is heavily wounded.
The orc priest barely misses you.
You completely miss the orc priest.
The orc priest is heavily wounded.
Your iron imp disappears in a puff of smoke!
The orc priest invokes the aid of Beogh against you.
Pain shoots through your body!
* * * LOW HITPOINT WARNING * * *
You hit the orc priest.
You feel better.
The orc priest is heavily wounded.
The orc priest invokes the aid of Beogh against you.
Beogh smites you!
* * * LOW HITPOINT WARNING * * *
The orc priest hits you with a +0 short sword.
You die...

·········▒ ·<········
···(··· ········▒ ▒▒
······· ········▒▒▒ ··
······· ··········▒ ▒·
······· ······▒▒▒·▒
▒·▒▒▒······· ······▒ ▒·▒
▒··▒·······▒ ▒▒·▒·▒▒
▒·▒▒▒▒▒·▒······▒
▒····▒▒▒▒······o@§···(·▒
···▒▒·······▒▒▒▒▒··▒▒▒▒▒
▒▒·▒▒·▒▒▒▒▒·▒▒▒▒▒··▒▒
▒▒······▒▒▒·▒)·)·?··▒
··············▒▒▒▒▒(▒
▒·▒▒············▒ ·▒
▒▒▒▒····▒▒▒▒·▒▒·▒ ·▒ ▒
▒▒▒▒▒▒ ▒·· ▒▒ ·▒ ▒ ▒▒··


You could see an orc priest.

Vanquished Creatures
  An orc priest (D:3)
  Natasha (twice) (D:2)
  5 adders
  A worm (D:2)
  2 dart slugs (D:1)
  A leopard gecko (D:1)
  3 orcs (D:3)
  2 giant cockroaches (D:1)
  3 goblins
  10 hobgoblins
  6 jackals
  5 bats
  5 frilled lizards
  8 kobolds
  8 rats
62 creatures vanquished.

Vanquished Creatures (collateral kills)
  A giant cockroach (D:3)
  A frilled lizard (D:3)
2 creatures vanquished.

Grand Total: 64 creatures vanquished

Notes
Turn   | Place    | Note
-------+----------+-------------------------------------------
     0 | D:1      | Azzok the Demonspawn Berserker began the quest for the Orb.
     0 | D:1      | Reached XP level 1. HP: 18/18 MP: 1/1
    61 | D:1      | Found a snail-covered altar of Cheibriados.
    76 | D:1      | Reached skill level 3 in Axes
   208 | D:1      | Gained mutation: You have a pair of small horns on your
                  | head. [demonic ancestry]
   208 | D:1      | Reached XP level 2. HP: 24/24 MP: 2/2
   476 | D:1      | Reached XP level 3. HP: 29/29 MP: 3/3
   537 | D:1      | Reached ** piety under Trog
   615 | D:1      | Reached skill level 4 in Axes
   891 | D:2      | Reached XP level 4. HP: 35/35 MP: 4/4
   983 | D:2      | Noticed Natasha
   991 | D:2      | Killed Natasha
  1185 | D:2      | Noticed Natasha
  1195 | D:2      | Killed Natasha
  1195 | D:2      | Reached skill level 5 in Axes
  1456 | D:2      | Found a snail-covered altar of Cheibriados.
  1466 | D:2      | Gained mutation: A weak demonic guardian rushes to your
                  | aid. [demonic ancestry]
  1466 | D:2      | Reached XP level 5. HP: 41/41 MP: 5/5
  1467 | D:2      | Found an ornate altar of the Wu Jian Council.
  1469 | D:2      | Found a hide-covered altar of Uskayaw.
  1470 | D:2      | Found a hazy altar of Hepliaklqana.
  1717 | D:3      | Reached *** piety under Trog
  1725 | D:3      | HP: 1/41 [orc priest/divine providence (13)]
  1725 | D:3      | Slain by an orc priest

Illustrated notes

Levels and vault maps discovered:
D:1:      psy_arrival_statuary, layout_loops_ring, cheibriados_altar_1
D:2:      minmay_recursive_quarters, layout_basic, minitemple, uniq_natasha
D:3:      layout_rooms, overflow_temple_1_default, marbit_many_paths,
          minmay_increasing_density

Skill      XL: |  1  2  3  4 |
---------------+-------------+-----
Axes           | 3 4 5 |  5.5
Fighting       | |  3.0
Armour         | |  1.7
Dodging        | |  1.7

Action                   |  1- 3 |  4- 6 || total
-------------------------+-------+-------++-------
Melee: Hand axe          |    19 |       ||    19
       Spear             |   105 |    71 ||   176
       Headbutt          |    16 |     7 ||    23
Invok: Berserk           |       |     1 ||     1
 Stab: Distracted        |       |     1 ||     1
Armor: Chain mail        |    77 |    35 ||   112
Dodge: Dodged            |    50 |    36 ||    86

Table legend: (Time is in decaauts)
 A = Elapsed time spent in this place.
 B = Non-inter-level travel time spent in this place.
 C = Inter-level travel time spent in this place.
 D = Time resting spent in this place.
 E = Time spent auto-exploring this place.
 F = Levels seen in this place.
 G = Mean time per level.
                   A        B        C        D        E       F      G
               +--------+--------+--------+--------+--------+-----+--------+
         Total |   1736 |   1721 |     15 |      3 |   1275 |   3 |  578.7 |
       Dungeon |   1736 |   1721 |     15 |      3 |   1275 |   3 |  578.7 |
               +--------+--------+--------+--------+--------+-----+--------+

Top non-repeatable levels by time:
     D:2: 888 daAuts
     D:1: 695 daAuts
     D:3: 152 daAuts
